 Dungeon Crawl Stone Soup version 0.19-a0-1035-gdbfb0c6 (webtiles) character file.

132451 Gagarin the Fencer (level 16, -30/157 HPs)
             Began as a Minotaur Berserker on July 29, 2016.
             Was a High Priest of Trog.
             Shot with a bolt by a naga sharpshooter (37 damage)
             ... on level 3 of the Snake Pit.
             The game lasted 01:59:02 (28525 turns).

Gagarin the Fencer (Minotaur Berserker)            Turns: 28525, Time: 01:59:04

Health: -30/157    AC: 10    Str: 23    XL:     16   Next: 57%
Magic:  0/15       EV: 28    Int:  1    God:    Trog [*****.]
Gold:   821        SH:  0    Dex: 22    Spells: 0 memorised, 15 levels left

rFire  . . .     SeeInvis +     Z - +2 arbalest (freeze)
rCold  + . .     Gourm    .     t - +2 robe {MR+}
rNeg   . . .     Faith    .     (shield currently unavailable)
rPois  +         Spirit   +     (helmet restricted)
rElec  .         Dismiss  .     x - +1 cloak
rCorr  .         Reflect  .     e - +0 pair of gloves {Dex+3}
SustAt .         Harm     .     y - +1 pair of boots
MR     +++++                    u - amulet of guardian spirit
Stlth  ++++......               N - +4 ring of dexterity
                                p - ring of Xom's Generosity {rPois rC+ MR+ Int-4 SInv}

@: regenerating, studying Fighting, almost entirely resistant to hostile
enchantments, stealthy
A: retaliatory headbutt, horns 2, blurry vision 1
a: Berserk, Trog's Hand, Brothers in Arms, Burn Spellbooks, Renounce Religion


You were on level 3 of the Snake Pit.
You worshipped Trog.
Trog was extremely pleased with you.
You were not hungry.

You visited 6 branches of the dungeon, and saw 24 of its levels.
You also visited: Sewer and Ossuary.

You collected 2283 gold pieces.
You spent 1462 gold pieces at shops.

Inventory:

Hand Weapons
 d - a +2 triple sword of slicing
 z - a +2 long sword of flaming
 Z - a +2 arbalest of freezing (weapon)
Missiles
 r - 338 bolts (quivered)
Armour
 e - a +0 pair of gloves of dexterity (worn)
 t - a +2 robe of magic resistance (worn)
 x - a +1 cloak (worn)
 y - a +1 pair of boots (worn)
Jewellery
 p - the ring of Xom's Generosity (left hand) {rPois rC+ MR+ Int-4 SInv}
   (You found it on level 9 of the Dungeon)

   [ring of poison resistance]

   It affects your intelligence (-4).
   It protects you from cold.
   It protects you from poison.
   It affects your resistance to hostile enchantments.
   It lets you see invisible.
 u - an amulet of guardian spirit (around neck)
 N - a +4 ring of dexterity (right hand)
Wands
 b - a wand of iceblast (5/15)
 i - a wand of enslavement (16/24)
 L - a wand of acid (7/15)
Scrolls
 h - 2 scrolls of recharging
 k - 6 scrolls of identify
 n - 7 scrolls of fear
 s - 7 scrolls of teleportation
 I - 3 scrolls of enchant armour
 W - a scroll of magic mapping
 X - a scroll of summoning
 Y - a scroll of remove curse
Potions
 j - 5 potions of flight
 l - 6 potions of lignification
 o - a potion of brilliance
 q - 13 potions of curing
 w - 2 potions of cancellation
 M - a potion of cure mutation {unknown}
 S - a potion of resistance
 T - 2 potions of berserk rage {unknown}
Books
 a - a manual of Fighting
Miscellaneous
 f - a sack of spiders
 C - a box of beasts
 G - a lamp of fire
Comestibles
 c - 13 bread rations
 g - 27 fruits
 m - 29 beef jerkies
 v - 4 royal jellies
 A - a meat ration
 V - 3 slices of pizza


   Skills:
 + Level 18.0 Fighting
 + Level 19.4 Long Blades
 + Level 9.7 Crossbows
 + Level 0.2 Throwing
 + Level 7.6 Armour
 + Level 16.4 Dodging
 + Level 8.1 Stealth
 + Level 0.6 Evocations


You had 15 spell levels left.
You didn't know any spells.

Dungeon Overview and Level Annotations

Branches:
Dungeon (11/15)            Temple (0/1) D:6            Lair (6/6) D:8
  Swamp (1/4) Lair:2        Snake (3/4) Lair:3        Slime (0/5) Lair:6
    Orc (2/2) D:11            Elf (1/3) Orc:2

Altars:
Dithmenos
Elyvilon
Fedhas
Gozag
Hepliaklqana
Nemelex Xobeh
Pakellas
Sif Muna
The Shining One

Shops:
D:4 :=:%(   D:7 ?   D:10 %:   Orc:2 (*[:   Elf:1 *


Innate Abilities, Weirdness & Mutations

You reflexively headbutt those who attack you in melee.
You have a pair of horns on your head.
Scrolls take you a little longer to read.


Message History

Your skin crawls.
You feel resistant to hostile enchantments.
You feel somewhat more hungry.
The naga sharpshooter gestures wildly while chanting.
The naga sharpshooter magically shoots a bolt.
The bolt hits you!!
* * * LOW HITPOINT WARNING * * *
Okay, then.
Really read with blurry vision while enemies are nearby?
You begin reading the scroll.
You continue reading the scroll.
The naga sharpshooter casts a spell.
The naga sharpshooter magically shoots a bolt.
The bolt hits you!!
* * * LOW HITPOINT WARNING * * *
As you read the scroll of summoning, it crumbles to dust.
Wisps of shadow whirl around you...
The naga sharpshooter casts a spell.
The naga sharpshooter magically shoots a bolt.
The bolt hits you!!!
You die...

..).....(...#.# ###...#........
.........N.....# #.....#.#####.#
####.###((.....#####.......####.#
##.....##..(......#)............#
#.......##.()........##..#.......
..#####..###........##.####....#.
.##...##.##.....N.....## ##....#
..........#..N.(.......# ##...#
.#.....#..##...S@......######...#
##.⌠.⌠.##).#...............).##.#
#.......#..#..........#..##).....
#...>...#.(..........#######.....
#.......#..#.........##..###.....
##.⌠.⌠.##..#........###...###)...
.#.....#..##.......###|....##....
..........##.......###....#))#...
.##...##.######...#.#.......##...


You could see a naga sharpshooter, a friendly naga warrior, a friendly black
mamba and a friendly naga.

Vanquished Creatures
  Bai Suzhen (Snake:3)
  Vashnia (Snake:2)
  Nikola (Snake:3)
  A thorn hunter (Swamp:1)
  4 greater nagas
  An orc warlord (Orc:2)
  A very ugly thing (Swamp:1)
  A deep elf death mage (Elf:1)
  Snorg (Lair:6)
  Josephine (Orc:2)
  A hydra (Lair:3)
  A catoblepas (Lair:6)
  8 naga warriors
  2 ice dragons
  A centaur warrior (D:10)
  4 dancing weapons (Elf:1)
  9 anacondas
  4 death yaks (Lair:6)
  2 orc high priests (Orc:2)
  3 shock serpents
  5 naga sharpshooters
  4 deep elf knights (Elf:1)
  2 unseen horrors (D:11)
  A swamp dragon (Swamp:1)
  The ghost of happinesssam the Carver, a novice HEGl of Hepliaklqana (D:7)
  A hill giant (D:9)
  5 naga ritualists
  An oklob plant (Lair:3)
  7 orc sorcerers
  7 deep elf magi (Elf:1)
  10 mana vipers
  4 orc knights
  3 elephants (Lair:3)
  6 salamanders
  2 guardian serpents
  26 black mambas
  4 torpor snails (Lair:6)
  13 spiny frogs
  A gargoyle (D:11)
  6 naga magi
  7 komodo dragons
  A rime drake (Lair:1)
  The ghost of Gagarin the Skirmisher, an amateur OgBe of Trog (D:4)
  5 trolls
  8 polar bears (Lair:6)
  6 giant leeches
  A two-headed ogre (Orc:1)
  Prince Ribbit (D:9)
  4 raiju (Lair:6)
  20 blink frogs
  9 slime creatures
  Grinder (D:4)
  2 bog bodies (Swamp:1)
  Sigmund (D:4)
  A vampire (D:10)
  A wraith (Orc:2)
  An air elemental (Elf:1)
  18 yaks
  Eustachio (D:5)
  2 wyverns
  4 basilisks
  3 hungry ghosts
  14 vampire mosquitoes (Swamp:1)
  7 hippogriffs
  21 nagas
  5 swamp worms (Swamp:1)
  Menkaure (D:5)
  7 wargs
  17 water moccasins
  2 porcupines
  Duvessa (D:4)
  8 hell hounds
  5 sky beasts
  3 swamp drakes
  6 wasps
  16 black bears
  5 ice beasts
  25 orc warriors
  2 necrophages
  A phantom (D:4)
  5 ogres
  15 wolves (Lair:6)
  6 centaurs
  10 crocodiles
  2 big kobolds (D:11)
  Blork the orc (D:5)
  19 giant frogs
  2 gnoll sergeants
  Dowan (D:4)
  3 scorpions
  4 killer bees (D:7)
  5 wights (D:9)
  2 howler monkeys (D:7)
  3 electric eels (D:8)
  3 crimson imps
  A human zombie (Ossuary)
  5 jellies
  A quasit (D:10)
  18 hounds
  23 orc wizards
  7 iguanas
  13 orc priests
  Crazy Yiuf (D:2)
  A centaur skeleton (D:6)
  5 worker ants
  19 sheep
  A hound zombie (D:5)
  3 mummies (Ossuary)
  A hound skeleton (D:9)
  2 howler monkey zombies
  Robin (D:2)
  9 gnolls
  21 adders
  99 river rats
  A shadow imp (D:7)
  8 oozes
  5 adder zombies
  2 adder skeletons (D:4)
  10 worms
  3 giant geckos
  75 orcs
  4 ball pythons
  12 giant cockroaches
  16 goblins
  8 hobgoblins
  19 jackals
  14 kobolds
  8 quokkas
  14 bats
  A giant gecko skeleton (D:4)
  5 giant newts
  2 goblin zombies (Ossuary)
  A hobgoblin zombie (Ossuary)
  A jackal zombie (D:6)
  3 kobold zombies (Ossuary)
  An orc zombie (Ossuary)
  2 quokka zombies (Ossuary)
  33 rats
  4 rat zombies (Ossuary)
  4 fungi
  2 plants (Lair:6)
971 creatures vanquished.

Vanquished Creatures (collateral kills)
  Aizul (Snake:2)
  A hydra (Lair:5)
  A death yak (Lair:6)
  A deep elf knight (Elf:1)
  5 naga sharpshooters
  An orc sorcerer (Orc:2)
  4 deep elf magi (Elf:1)
  2 naga magi (Snake:2)
  A spiny frog (Swamp:1)
  2 black mambas (Snake:1)
  A troll (Orc:2)
  A giant leech (Swamp:1)
  2 wraiths (Orc:2)
  A warg (Orc:2)
  A naga (Snake:1)
  3 orc warriors (Orc:2)
  2 orcs (Orc:2)
30 creatures vanquished.

Vanquished Creatures (others)
  A mana viper (Snake:3)
  A black mamba (Snake:3)
  A giant newt (D:2)
  10 fungi
  20 plants (Lair:6)
33 creatures vanquished.

Grand Total: 1034 creatures vanquished

Notes
Turn   | Place    | Note
-------+----------+-------------------------------------------
     0 | D:1      | Gagarin the Minotaur Berserker began the quest for the Orb.
     0 | D:1      | Reached XP level 1. HP: 19/19 MP: 0/0
   284 | D:1      | Reached XP level 2. HP: 24/27 MP: 1/1
   719 | D:1      | Reached skill level 4 in Long Blades
   820 | D:2      | Reached XP level 3. HP: 33/33 MP: 2/2
   927 | D:2      | Reached ** piety under Trog
  1004 | D:2      | Noticed Robin
  1014 | D:2      | Killed Robin
  1030 | D:2      | Reached XP level 4. HP: 19/41 MP: 3/3
  1170 | D:2      | Found a white marble altar of Elyvilon.
  1521 | D:2      | Found a runed door.
  1686 | D:2      | Noticed Crazy Yiuf
  1689 | D:2      | Killed Crazy Yiuf
  1870 | D:3      | Reached XP level 5. HP: 42/47 MP: 2/4
  1871 | D:3      | Reached *** piety under Trog
  1981 | D:3      | Found a blossoming altar of Fedhas.
  1989 | D:3      | Reached skill level 5 in Fighting
  1989 | D:3      | Reached skill level 5 in Long Blades
  2048 | D:3      | Found a deep blue altar of Sif Muna.
  2048 | D:3      | Found an opulent altar of Gozag.
  2193 | D:3      | Found a glowing drain.
  2202 | Sewer    | Entered a sewer
  2255 | Sewer    | Reached **** piety under Trog
  2258 | Sewer    | Reached XP level 6. HP: 50/56 MP: 5/5
  3182 | D:4      | Found Iluzezin's Antique Weapon Shoppe.
  3182 | D:4      | Noticed Gagarin's ghost (amateur OgBe)
  3201 | D:4      | Killed Gagarin's ghost
  3201 | D:4      | Reached skill level 6 in Long Blades
  3201 | D:4      | Reached skill level 5 in Dodging
  3201 | D:4      | Reached skill level 1 in Stealth
  3201 | D:4      | Reached XP level 7. HP: 39/62 MP: 2/6
  3213 | D:4      | Bought a glowing long sword for 91 gold pieces
  3535 | D:4      | Noticed Duvessa
  3539 | D:4      | Noticed Dowan
  3542 | D:4      | Killed Duvessa
  3543 | D:4      | Killed Dowan
  3572 | D:4      | Noticed Sigmund
  3600 | D:4      | Found a glowing golden altar of the Shining One.
  3658 | D:4      | Killed Sigmund
  3658 | D:4      | Reached XP level 8. HP: 59/70 MP: 5/7
  3815 | D:4      | Found Toreid's Jewellery Boutique.
  3844 | D:4      | Noticed Grinder
  3849 | D:4      | Paralysed by Grinder for 6 turns
  3855 | D:4      | Killed Grinder
  3855 | D:4      | Reached skill level 7 in Long Blades
  3978 | D:4      | Found a shadowy altar of Dithmenos.
  4002 | D:4      | Found Utait's Book Emporium.
  4159 | D:4      | Found Upier's Food Boutique.
  4260 | D:4      | Found Oweopteg's Book Emporium.
  4286 | D:4      | Found a hazy altar of Hepliaklqana.
  4347 | D:5      | Entered Level 5 of the Dungeon
  4594 | D:5      | Got a pitted falchion
  4595 | D:5      | Noticed Eustachio
  4608 | D:5      | Found a sparkling altar of Nemelex Xobeh.
  4622 | D:5      | Killed Eustachio
  4671 | D:5      | Identified the +10 falchion "Ycudu" {slice, *Drain +Rage Stlth+} (You found it on level 5 of the Dungeon)
  4713 | D:5      | Found Giobrutoum's Jewellery Boutique.
  4723 | D:5      | Noticed Menkaure
  4732 | D:5      | Killed Menkaure
  4939 | D:5      | Noticed Blork the orc
  4945 | D:5      | Killed Blork the orc
  5097 | D:5      | Reached skill level 8 in Long Blades
  5097 | D:5      | Reached XP level 9. HP: 79/79 MP: 8/8
  5543 | D:6      | Found a staircase to the Ecumenical Temple.
  5744 | D:6      | Reached ***** piety under Trog
  6238 | D:7      | Noticed happinesssam's ghost (novice HEGl)
  6270 | D:7      | Killed happinesssam's ghost
  6270 | D:7      | Reached skill level 9 in Long Blades
  6618 | D:7      | Reached skill level 10 in Dodging
  6652 | D:7      | Reached XP level 10. HP: 79/90 MP: 9/9
  6771 | D:7      | Received a gift from Trog
  6882 | D:7      | Found Vof Baun's Magic Scroll Shop.
  6885 | D:7      | Bought a scroll of identify for 22 gold pieces
  7127 | D:8      | Reached skill level 10 in Long Blades
  7144 | D:8      | Found a staircase to the Lair.
  7536 | D:8      | Found a sand-covered staircase.
  7541 | Ossuary  | Entered an ossuary
  8221 | Lair:1   | Entered Level 1 of the Lair of Beasts
  8227 | Lair:1   | Received a gift from Trog
  8305 | Lair:1   | Reached skill level 11 in Long Blades
  8306 | Lair:1   | Reached skill level 5 in Stealth
  8469 | Lair:1   | Reached XP level 11. HP: 93/99 MP: 8/10
  8587 | Lair:1   | Reached skill level 1 in Crossbows
  8655 | Lair:1   | Reached skill level 10 in Fighting
  9454 | Lair:2   | Received a gift from Trog
  9491 | Lair:2   | Found a staircase to the Swamp.
  9513 | Lair:2   | Reached skill level 5 in Armour
  9724 | Lair:2   | Reached skill level 12 in Long Blades
  9913 | Lair:2   | Received a gift from Trog
  9921 | Lair:2   | Found a dark tunnel.
 10265 | Lair:3   | Noticed a seven-headed hydra
 10272 | Lair:3   | Killed a seven-headed hydra
 10479 | Lair:3   | Received a gift from Trog
 10531 | Lair:3   | Found a staircase to the Snake Pit.
 10825 | Lair:3   | Noticed an oklob plant
 10864 | Lair:3   | Killed an oklob plant
 11049 | Lair:3   | Reached skill level 13 in Long Blades
 11049 | Lair:3   | Reached XP level 12. HP: 82/110 MP: 9/11
 12273 | Lair:6   | Entered Level 6 of the Lair of Beasts
 12619 | Lair:5   | Received a gift from Trog
 12710 | Lair:5   | Noticed a six-headed hydra
 12716 | Lair:5   | Killed a six-headed hydra
 12716 | Lair:5   | Reached skill level 14 in Long Blades
 12966 | Lair:6   | Found a staircase to the Slime Pits.
 12987 | Lair:6   | Noticed Snorg
 12988 | Lair:6   | Noticed a catoblepas
 12996 | Lair:6   | Killed a catoblepas
 13002 | Lair:6   | Killed Snorg
 13157 | Lair:6   | Reached skill level 5 in Crossbows
 13626 | Lair:6   | Reached XP level 13. HP: 107/119 MP: 12/12
 13630 | Lair:6   | Received a gift from Trog
 13697 | Lair:6   | Reached skill level 15 in Long Blades
 14179 | Lair:6   | Received a gift from Trog
 14575 | Lair:6   | Found a runed door.
 15018 | D:9      | Found an oddly glowing altar of Pakellas.
 15056 | D:9      | Got a sparkling marble ring
 15140 | D:9      | Reached skill level 16 in Long Blades
 15189 | D:9      | Noticed Prince Ribbit
 15200 | D:9      | Killed Prince Ribbit
 15478 | D:9      | Received a gift from Trog
 15626 | D:10     | Entered Level 10 of the Dungeon
 15995 | D:10     | Reached ****** piety under Trog
 16275 | D:10     | Found Qeitsa's Book Emporium.
 16453 | D:10     | Found Syroh's Food Emporium.
 16948 | Lair:1   | Identified the ring of Xom's Generosity {rPois rC+ MR+ Int-4 SInv} (You found it on level 9 of the Dungeon)
 16995 | Swamp:1  | Entered Level 1 of the Swamp
 17035 | Swamp:1  | Reached XP level 14. HP: 107/130 MP: 11/13
 17512 | Swamp:1  | Noticed a green very ugly thing
 17521 | Swamp:1  | Killed a green very ugly thing
 18292 | Swamp:1  | Noticed a thorn hunter
 18302 | Swamp:1  | Killed a thorn hunter
 18939 | D:11     | Received a gift from Trog
 19219 | D:11     | Reached skill level 17 in Long Blades
 19232 | D:11     | Found a staircase to the Orcish Mines.
 19787 | Orc:1    | Entered Level 1 of the Orcish Mines
 19957 | D:10     | Bought a manual of Fighting for 1214 gold pieces
 20106 | Orc:2    | Entered Level 2 of the Orcish Mines
 20106 | Orc:2    | Found Atsi's General Store.
 20106 | Orc:2    | Noticed Josephine
 20113 | Orc:2    | Killed Josephine
 20135 | Orc:2    | Found Qeinaunt's Antique Weapon Shop.
 20333 | Orc:2    | Received a gift from Trog
 20333 | Orc:2    | Reached skill level 15 in Fighting
 20420 | Orc:2    | Found a staircase to the Elven Halls.
 20609 | Orc:2    | Noticed an orc warlord
 20618 | Orc:2    | Killed an orc warlord
 20690 | Orc:2    | Found Nocaiv's Antique Armour Shop.
 20714 | Orc:2    | Bought a pair of embroidered boots for 135 gold pieces
 20823 | Orc:2    | Received a gift from Trog
 20857 | Orc:2    | Found Lunufedd's Book Emporium.
 20862 | Orc:2    | Gained mutation: Scrolls take you a little longer to read. [a neqoxec]
 21781 | Elf:1    | Entered Level 1 of the Elven Halls
 21791 | Elf:1    | Found Kalyo's General Store.
 21919 | Elf:1    | Reached XP level 15. HP: 141/141 MP: 14/14
 22000 | Elf:1    | Received a gift from Trog
 22356 | Snake:1  | Entered Level 1 of the Snake Pit
 22427 | Snake:1  | Reached skill level 18 in Long Blades
 22427 | Snake:1  | Reached skill level 15 in Dodging
 23574 | Snake:1  | Received a gift from Trog
 24583 | Snake:2  | Noticed Aizul
 24589 | Snake:2  | Killed Aizul
 24594 | Snake:2  | Noticed Vashnia
 24628 | Snake:2  | HP: 7/147 [Vashnia/bolt (5)]
 25000 | Snake:2  | Noticed a greater naga
 25011 | Snake:2  | Killed a greater naga
 25248 | Snake:2  | Noticed a greater naga
 25271 | Snake:2  | Killed a greater naga
 25350 | Snake:2  | Reached XP level 16. HP: 115/155 MP: 11/15
 25434 | Snake:2  | HP: 6/155 [Vashnia/bolt (13)]
 26230 | Snake:2  | Killed Vashnia
 26336 | Snake:2  | Reached skill level 19 in Long Blades
 27370 | Snake:3  | Noticed Bai Suzhen
 27390 | Snake:3  | Killed Bai Suzhen
 27423 | Snake:3  | Noticed Nikola
 27450 | Snake:3  | Killed Nikola
 28518 | Snake:3  | Received a gift from Trog
 28524 | Snake:3  | HP: 6/157 [naga sharpshooter/bolt (16)]
 28525 | Snake:3  | Shot with a bolt by a naga sharpshooter

Vault maps used:
D:1:      lightli_arrival_maybe_door_vault
D:2:      elyvilon_altar_4, first_bread, hangedman_decor_clover_reticule,
          minmay_misc_feat_encased, uniq_robin, uniq_crazy_yiuf_cottage
D:3:      lemuel_crystal_altar, gammafunk_temple_overflow_elements,
          portal_sewer_entry_b
D:4:      overflow_temple_1_default, overflow_temple_1_default,
          old_standard_altar, serial_shops, shop_statue,
          nicolae_shop_overgrown_old_shop, shop, nicolae_shop_stone,
          shop_fountains, uniq_grinder, uniq_duvessa, uniq_sigmund
D:5:      kennysheep_six_static_rooms, nemelex_xobeh_ov_fountains_minmay,
          serial_shops, kennysheep_mini, minmay_misc_feat_room,
          minmay_misc_feat_alley, uniq_menkaure, uniq_blork_the_orc,
          uniq_eustachio
D:6:      hangedman_decor_opposing
D:7:      serial_shops, kennysheep_mini_moat, grunt_ogre_cave
D:8:      lemuel_ratsnest, lair_0_dummy, enter_ossuary_2, serial_bayou_ford_a
D:9:      basic_altar, evilmike_surprise_oklob, uniq_prince_ribbit1
D:10:     serial_shops, nicolae_shop_behind_doors, nicolae_shop_window_shopping,
          minmay_strange_pillars
D:11:     david_orc_1_choice
Lair:1:   grunt_megastairs_4, infiniplex_staircase_pool
Lair:2:   swamp_mist_pool, enter_volcano_3
Lair:3:   guppyfry_snake_entry_garden, kennysheep_basilisk_garden
Lair:4:   lemuel_fruit_fields
Lair:6:   hangedman_lair_caniforms_friends, wormcave,
          nicolae_slime_entry_slimehenge, uniq_snorg
Swamp:1:  evilmike_swamp_ruin_house_5, swamp_pool3
Snake:1:  portal_ice_cave_entry_dragon
Snake:2:  st_stairs_9, guppyfry_library_mini, lemuel_fruit_tree, uniq_aizul,
          uniq_vashnia
Snake:3:  grunt_megastairs_2, uniq_nikola, uniq_bai_suzhen
Orc:2:    grunt_orc_gardens, grunt_orc_garden, grunt_orc_garden,
          grunt_orc_garden, grunt_orc_garden, uniq_josephine
Elf:1:    minmay_firetagon, serial_shops, shop,
          hangedman_elven_crosses_minicolossus
Sewer:    sewer_fruit_machine
Ossuary:  ossuary_minmay_chase

Skill      XL: |  1  2  3  4  5  6  7  8  9 10 11 12 13 14 15 16 |
---------------+-------------------------------------------------+-----
Fighting       | 4 5 6 7 8 9 11 12 13 15 17 18 | 18.0
Long Blades    | 4 5 6 8 9 11 13 14 16 17 18 19 | 19.4
Dodging        | 3 4 5 6 8 10 11 12 13 14 15 16 | 16.4
Stealth        | 1 2 3 4 5 6 7 8 |  8.1
Armour         | 4 5 6 7 |  7.6
Crossbows      | 4 5 8 9 |  9.7
Throwing       | |  0.2
Evocations     | |  0.6

Action                   |  1- 3 |  4- 6 |  7- 9 | 10-12 | 13-15 | 16-18 || total
-------------------------+-------+-------+-------+-------+-------+-------++-------
Melee: Falchion          |    91 |   212 |   113 |    36 |       |       ||   452
       Headbutt          |    11 |    31 |    37 |   152 |   266 |    36 ||   533
       Long sword        |       |       |    98 |       |       |       ||    98
       Great sword       |       |       |       |   654 |   986 |    33 ||  1673
       Triple sword      |       |       |       |       |       |   118 ||   118
 Fire: Triple crossbow   |       |       |       |    43 |       |       ||    43
       Arbalest          |       |       |       |       |   114 |    56 ||   170
Throw: Throwing net      |       |     1 |     1 |       |       |       ||     2
Invok: Berserk           |     1 |     4 |     6 |     2 |    19 |     3 ||    35
       Burn Spellbooks   |       |       |     1 |     3 |     2 |       ||     6
       Brothers in Arms  |       |       |       |     2 |     9 |     3 ||    14
       Trog's Hand       |       |       |       |       |     7 |     6 ||    13
 Abil: Evoke Flight      |       |     1 |       |       |       |       ||     1
Evoke: Wand              |       |       |       |       |     1 |       ||     1
  Use: Scroll            |       |       |    13 |     3 |    20 |     3 ||    39
       Potion            |       |       |       |       |     9 |     6 ||    15
 Stab: Sleeping          |       |     2 |     5 |     8 |    22 |       ||    37
       Held in net/web   |       |       |     1 |       |       |       ||     1
       Petrifying        |       |       |       |     2 |       |       ||     2
       Petrified         |       |       |       |     1 |       |       ||     1
       Distracted        |       |       |       |       |    10 |       ||    10
  Eat: Chunk             |     1 |    11 |    19 |    17 |    45 |     1 ||    94
       Meat ration       |       |       |       |     2 |     4 |     3 ||     9
       Beef jerky        |       |       |       |       |     1 |       ||     1
Armor: Animal skin       |     7 |     1 |       |       |       |       ||     8
       Robe              |       |    44 |    45 |     2 |    69 |     5 ||   165
       Ring mail         |       |       |       |   104 |    80 |       ||   184
       Skin              |       |       |       |       |       |    25 ||    25
Dodge: Dodged            |    55 |   127 |   109 |   428 |   742 |   113 ||  1574
